 Dungeon Crawl Stone Soup version 0.31.0-4-g52a2dc7128 (webtiles) character file.

Game seed: 6164105565185261512

11935 Azzok the Grappler (level 11, -1/57 HPs)
             Began as an Octopode Shapeshifter on Jan 21, 2024.
             Was an Initiate of Gozag.
             Hit by a large rock thrown by a cyclops (20 damage)
             ... on level 12 of the Dungeon.
             The game lasted 00:18:38 (11244 turns).

Azzok the Grappler (Octopode Shapeshifter)         Turns: 11244, Time: 00:18:39

Health: -1/57      AC: 12    Str: 27    XL:     11   Next: 85%
Magic:  11/11      EV:  8    Int: 13    God:    Gozag
Gold:   928        SH:  0    Dex: 18    Spells: 10/10 levels left

rFire   + +          .
                       - Unarmed
rCold   x . .        (shield currently unavailable)
rNeg    + . .        (helmet currently unavailable)
rPois   +            (no amulet)
rElec   .            d - +6 ring of dexterity
rCorr   .            g - ring of positive energy
SInv    .            k - +4 ring of protection
Will    .....        (no ring)
Stlth   ++           (no ring)
HPRegen 0.29/turn    (no ring)
MPRegen 0.12/turn    (no ring)
                     (no ring)

%: no passive effects
@: about to teleport, dragon-form, flying
A: dragon claw, dragon scales, breathe fire, flying, reduced hp, almost no
armour, amphibious, 8 rings, giant, (camouflage 1), (gelatinous body 1), (nimble
swimmer 1), (tentacles)
a: Breathe Fire, Begin Untransformation, Renounce Religion, Potion Petition,
Call Merchant, Bribe Branch


You were on level 12 of the Dungeon.
You worshipped Gozag.
Gozag was pleased with you.
You were a fearsome dragon!
You visited 2 branches of the dungeon, and saw 13 of its levels.

You collected 1697 gold pieces.
You paid 769 gold pieces to Gozag.

Inventory:

Jewellery
 d - a +6 ring of dexterity (left foreclaw)
 g - a ring of positive energy (right foreclaw)
 i - the ring "Roqeme" {Fire Str+3 Int-5 Dex+3}
   (You found it on level 5 of the Dungeon)

   [ring of fire]

   Fire:      It enhances your fire magic.
   Str+3:     It affects your strength (+3).
   Int-5:     It affects your intelligence (-5).
   Dex+3:     It affects your dexterity (+3).
   rF+:       It protects you from fire.
   rC-:       It makes you vulnerable to cold.
 k - a +4 ring of protection (on tentacle)
Talismans
 b - a beast talisman
 B - a dragon-blood talisman (active)
Wands
 e - a wand of paralysis (20)
 p - a wand of polymorph (2)
 r - a wand of flame (15)
 w - a wand of iceblast (6)
 y - a wand of digging (9)
Scrolls
 c - 3 scrolls of vulnerability
 h - 2 scrolls of identify
 l - 7 scrolls of teleportation
 n - a scroll of immolation
 o - a scroll of noise
 q - a scroll of fear
 s - a scroll of fog
 A - a scroll of blinking
Potions
 a - 2 potions of lignification
 f - a potion of ambrosia
 j - a potion of might
 m - a potion of haste
 u - a potion of magic
 v - a potion of cancellation
 x - a potion of invisibility
 z - a potion of mutation {unknown}
Miscellaneous
 t - a phial of floods


   Skills:
 - Level 7.7 Fighting
 - Level 2.0 Dodging
 - Level 12.8 Unarmed Combat
 + Level 11.0 Shapeshifting


You had 10 spell levels left.
You didn't know any spells.
Your spell library contained the following spells:

 Spells                   Type           Power      Damage    Failure   Level
 Foxfire                  Conj/Fire      0%         2x1d4     30%         1
 Kiss of Death            Conj/Necr      0%         2d5       30%         1
 Ensorcelled Hibernation  Hex/Ice        0%         N/A       43%         2
 Confusing Touch          Hex            0%         N/A       67%         3
 Frozen Ramparts          Ice            0%         1d1       67%         3
 Passwall                 Erth           0%         N/A       67%         3
 Swiftness                Air            0%         N/A       67%         3
 Volatile Blastmotes      Fire/Tloc      0%         2d10      67%         3
 Dispel Undead            Necr           0%         3d6       97%         4
 Fulminant Prism          Conj/Alch      0%         3d5       97%         4
 Iskenderun's Mystic Bla  Conj/Tloc      0%         2d3       97%         4
 Leda's Liquefaction      Alch/Erth      0%         N/A       97%         4
 Petrify                  Alch/Erth      0%         N/A       97%         4
 Metabolic Englaciation   Hex/Ice        0%         N/A       100%        5
 Summon Forest            Summ/Tloc      0%         N/A       100%        5
 Conjure Ball Lightning   Conj/Air       0%         3x3d6     100%        6
 Eringya's Noxious Bog    Alch           0%         4d6       100%        6
 Plasma Beam              Fire/Air       0%         2x1d10    100%        6
 Starburst                Conj/Fire      0%         6d3       100%        6
 Summon Hydra             Summ           0%         N/A       100%        7
 Discord                  Hex            0%         N/A       100%        8
 Disjunction              Tloc           0%         N/A       100%        8


Dungeon Overview and Level Annotations

Branches:
Dungeon (12/15)            Temple (1/1) D:6            Lair (0/5) D:11
    Orc (0/2) D:10

Altars:
Ashenzari
Cheibriados
Dithmenos
Elyvilon
Fedhas
Gozag
Hepliaklqana
Kikubaaqudgha
Makhleb
Nemelex Xobeh
Okawaru
Qazlal
Ru
Sif Muna
Trog
Uskayaw
Vehumet
Wu Jian
Xom
Yredelemnul
Zin
The Shining One

Shops:
D:9 ?   D:10 *=

Annotations:
D:3 3 runed translucent doors, dvdksn's ghost, amateur DsGl


Innate Abilities, Weirdness & Mutations

You are a fearsome dragon!
You have a powerful clawing attack.
Your giant scaled body is strong and resilient, but less evasive.
You can breathe fire.
You are flying.
Your maximum health is decreased, since you lack skill for your form.
Your armour is entirely melded.
You are incapable of wielding weapons or throwing items.
You cannot wear most types of armour.
You are amphibious.
You can wear up to eight rings at the same time.
((Your skin changes colour to match your surroundings (Stealth+).))
((Your rubbery body absorbs attacks. (AC +1, EV +1)))
((You are camouflaged when in or above water. (Stealth+)))
((You have tentacles for arms and can constrict up to eight enemies at once.))


Message History

Done exploring.
There is a stone staircase leading down here.
You fly downwards.
Found 14 gold pieces.
There is a stone staircase leading up here.
You now have 920 gold pieces (gained 14).
A vampire comes into view.
You bite the vampire!! You bite the vampire.
You destroy the vampire!
You hear a shout!
You now have 928 gold pieces (gained 8).
Found a war axe.
A gargoyle comes into view. It is wielding a +0 flail.
The gargoyle hurls a stone arrow at you.
The stone arrow hits you!!
You claw the gargoyle! Your claw misses the gargoyle. You bite the gargoyle.
The gargoyle is heavily damaged.
The gargoyle hits you with a +0 flail.
You hit the gargoyle but do no damage.
Your tail-slap misses the gargoyle.
The gargoyle is heavily damaged.
The gargoyle hits you with a +0 flail!
You hit the gargoyle but do no damage.
The gargoyle is heavily damaged.
The gargoyle hurls a stone arrow at you.
The stone arrow hits you!
* * * LOW HITPOINT WARNING * * *
You claw the gargoyle!
You tail-slap the gargoyle, but do no damage.
You claw the gargoyle.
You destroy the gargoyle!
Your Shapeshifting skill increases to level 11!
A cyclops comes into view.
A cyclops comes into view.
The cyclops shouts!
As you read the scroll of teleportation, it crumbles to dust.
You feel strangely unstable.
The cyclops throws a large rock.
The large rock hits you.
The cyclops throws a large rock.
The large rock hits you!!
You die...
Your body crumbles into a pile of gold.

····
··················
···▒▒▒▒···········
▒···▒▒▒▒▒▒▒▒ ▒···▒
·▒▒▒▒···▒▒▒▒▒▒▒▒·
····)············
··············C··
·······$·········
▒▒▒▒▒▒··D▒▒▒▒▒▒▒·
▒···▒ ▒···▒ ······
▒·▒▒╬▒▒ ▒· · ·


You could see a cyclops.

Vanquished Creatures
  A two-headed ogre (D:9)
  2 oklob plants (D:11)
  Maurice (D:8)
  Joseph (D:7)
  A gargoyle (D:12)
  2 hornets (D:9)
  3 trolls
  Grinder (D:4)
  A vampire (D:12)
  22 yaks
  A shadow (D:9)
  A wraith (D:10)
  A vampire mosquito (D:6)
  2 steam dragons
  An acid dragon (D:11)
  2 water moccasins
  2 ice beasts (D:6)
  2 black bears
  3 orc warriors
  A sky beast (D:6)
  2 ogres
  8 centaurs
  A phantom (D:5)
  2 bullfrogs (D:7)
  Blork the orc (D:4)
  4 necrophages (D:6)
  A gnoll sergeant (D:11)
  A scorpion (D:3)
  6 wights
  8 killer bees
  3 howler monkeys
  An electric eel (D:7)
  2 bombardier beetles
  2 bullfrog zombies (D:6)
  2 orc priests (D:10)
  A hound (D:6)
  A jelly (D:6)
  Crazy Yiuf (D:3)
  2 gnoll boudas
  2 iguanas (D:6)
  Natasha (thrice) (D:3)
  7 orc wizards
  A howler monkey zombie (D:6)
  11 adders
  20 gnolls
  An ufetubus (D:6)
  A ribbon worm (D:2)
  26 orcs
  3 ball pythons
  10 endoplasms
  9 giant cockroaches
  5 hobgoblins
  4 jackals (D:1)
  8 kobolds
  3 quokkas
  9 bats
  4 frilled lizards
  11 goblins
  5 rats
243 creatures vanquished.

Notes
Turn   | Place    | Note
-------+----------+-------------------------------------------
     0 | D:1      | Azzok the Octopode Shapeshifter began the quest for the
                  | Orb.
     0 | D:1      | Reached XP level 1. HP: 13/13 MP: 1/1
    89 | D:1      | Reached XP level 2. HP: 18/18 MP: 2/2
   190 | D:1      | Reached XP level 3. HP: 16/23 MP: 3/3
   727 | D:2      | Reached XP level 4. HP: 28/28 MP: 4/4
   735 | D:2      | Reached skill level 4 in Unarmed Combat
  1256 | D:3      | Found a runed translucent gate.
  1267 | D:3      | Noticed a kobold brigand
  1362 | D:3      | Reached XP level 5. HP: 33/33 MP: 5/5
  1367 | D:3      | Noticed Natasha
  1373 | D:3      | Killed Natasha
  1476 | D:3      | Found a runed translucent door.
  1477 | D:3      | Noticed Crazy Yiuf
  1568 | D:3      | Noticed Natasha
  1574 | D:3      | Killed Natasha
  1588 | D:3      | Found a runed translucent gate.
  1588 | D:3      | Found a runed translucent gate.
  1590 | D:3      | Noticed dvdksn's ghost (amateur DsGl)
  1622 | D:3      | Reached skill level 5 in Unarmed Combat
  1640 | D:3      | Reached XP level 6. HP: 29/38 MP: 6/6
  1753 | D:3      | Reached skill level 5 in Shapeshifting
  2106 | D:3      | Noticed Natasha
  2110 | D:3      | Killed Natasha
  2130 | D:3      | Killed Crazy Yiuf
  2236 | D:4      | Noticed Blork the orc
  2242 | D:4      | Killed Blork the orc
  2243 | D:4      | Reached XP level 7. HP: 39/43 MP: 7/7
  2285 | D:4      | Noticed Grinder
  2297 | D:4      | Killed Grinder
  2298 | D:4      | Reached skill level 6 in Unarmed Combat
  3254 | D:4      | Found an ornate altar of the Wu Jian Council.
  3333 | D:5      | Entered Level 5 of the Dungeon
  3576 | D:5      | Reached XP level 8. HP: 24/48 MP: 8/8
  3715 | D:5      | Identified the +2 mace "Biqewud" {freeze, Dex+3}
  3724 | D:5      | You fall into a shaft and drop 1 floor!
  3859 | D:6      | Reached skill level 7 in Unarmed Combat
  4399 | D:6      | Reached skill level 8 in Unarmed Combat
  4524 | D:6      | Reached XP level 9. HP: 51/57 MP: 9/9
  4676 | D:6      | Found a staircase to the Ecumenical Temple.
  4685 | Temple   | Entered the Ecumenical Temple
  4694 | Temple   | Became a worshipper of Gozag Ym Sagoz the Greedy
  4811 | D:6      | Reached skill level 9 in Unarmed Combat
  5267 | D:6      | Found a blossoming altar of Fedhas.
  5402 | D:5      | Identified the ring "Roqeme" {Fire Str+3 Int-5 Dex+3}
  6081 | D:7      | Noticed Joseph
  6098 | D:7      | Reached skill level 5 in Fighting
  6104 | D:7      | Killed Joseph
  6105 | D:7      | Reached skill level 10 in Unarmed Combat
  6105 | D:7      | Reached XP level 10. HP: 28/66 MP: 10/10
  6953 | D:8      | Found a sparkling altar of Nemelex Xobeh.
  7338 | D:8      | Noticed Maurice
  7341 | D:8      | Paralysed by Maurice for 4 turns
  7363 | D:8      | Paralysed by something for 4 turns
  7367 | D:8      | Maurice stole a phial of floods
  7369 | D:8      | Killed Maurice
  7370 | D:8      | Reached skill level 11 in Unarmed Combat
  7804 | D:9      | Noticed a two-headed ogre
  7816 | D:9      | Killed a two-headed ogre
  8221 | D:9      | Reached skill level 12 in Unarmed Combat
  8221 | D:9      | Reached XP level 11. HP: 75/75 MP: 11/11
  8453 | D:9      | Found The Oracle's Delphic Readings.
  8598 | D:10     | Entered Level 10 of the Dungeon
  8809 | D:10     | Found a staircase to the Orcish Mines.
  9134 | D:10     | Found a burning altar of Makhleb.
  9136 | D:10     | Found a shimmering blue altar of Sif Muna.
  9137 | D:10     | Found a stormy altar of Qazlal.
  9139 | D:10     | Found a bloodstained altar of Trog.
  9140 | D:10     | Found a shadowy altar of Dithmenos.
  9287 | D:10     | Found Aeisott's Alliterative Armaments.
 10006 | D:11     | Found a staircase to the Lair.
 10007 | D:11     | Noticed an oklob plant
 10011 | D:11     | Noticed an oklob plant
 10021 | D:11     | Killed an oklob plant
 10097 | D:11     | Killed an oklob plant
 10549 | D:11     | Reached skill level 10 in Shapeshifting
 11238 | D:12     | Noticed a cyclops
 11239 | D:12     | Noticed a cyclops
 11244 | D:12     | Hit by a large rock thrown by a cyclops

Illustrated notes

Levels and vault maps discovered:
D:1:      denvon_arrival_waterhouse, layout_rooms, minmay_misc_feat_diagonals
D:2:      layout_rooms, minmay_misc_feat_x, chequers_avenue
D:3:      layout_loops_cross, serial_glass, glass_columns_a, glass_columns_a,
          minmay_strange_pillars, minmay_strange_pillars, item_on_display_a,
          feat_on_display, gammafunk_ghost_nasty_kobolds, minmay_vboxes,
          uniq_crazy_yiuf_cottage, uniq_natasha
D:4:      layout_loops_corners, nzn_wu_jian_council_hall, uniq_blork_the_orc,
          uniq_grinder
D:5:      layout_loops_ring, minmay_hedge_maze
D:6:      minmay_clustersquares, layout_loops_corners,
          fedhas_altar_decomposition, minmay_temple_entry_tees,
          minmay_misc_feat_rugged
D:7:      layout_basic, water_maze_lemuel, uniq_joseph
D:8:      layout_gridville, general_overflow_altar, uniq_maurice
D:9:      layout_roguey, chequers_serial_rivers_micro_b,
          nicolae_nh_oracle_at_delphi
D:10:     layout_basic, grunt_temple_overflow_open,
          minmay_orc_entry_temple_small, monkooky_shop_alliterative
D:11:     layout_irregular_city, dpeg_oklobed_lair
D:12:     layout_small_grid, serial_shops, kennysheep_mini_moat,
          minmay_misc_feat_room, kennysheep_another_room
Temple:   nicolae_temple_two_arcs

Skill      XL: |  1  2  3  4  5  6  7  8  9 10 11 |
---------------+----------------------------------+-----
Unarmed Combat | 4 5 6 8 10 12 | 12.8
Shapeshifting  | 4 5 6 7 8 9 11 | 11.0
Fighting       | 3 5 7 |  7.7
Dodging        | |  2.0

Action                     |  1- 3 |  4- 6 |  7- 9 | 10-12 || total
---------------------------+-------+-------+-------+-------++-------
  Melee: Unarmed           |    74 |    93 |   223 |   235 ||   625
         Constrict         |    19 |    24 |    46 |    23 ||   112
         Tentacles         |    13 |    23 |    58 |    54 ||   148
         Punch             |     1 |     4 |    19 |    27 ||    51
         Tailslap          |       |       |       |     9 ||     9
         Bite              |       |       |       |     6 ||     6
 Invoke: Call Merchant     |       |       |       |     1 ||     1
    Use: Scroll            |     3 |     2 |     8 |     7 ||    20
         Potion            |       |       |     1 |       ||     1
   Stab: Sleeping          |     5 |     5 |     8 |     7 ||    25
         Distracted        |       |     1 |     1 |     4 ||     6
 Armour: Skin              |    26 |    38 |    79 |   127 ||   270
  Dodge: Dodged            |    46 |    61 |    94 |   118 ||   319
   Form: Dragon            |       |       |       |     1 ||     1
